 Dungeon Crawl Stone Soup version 0.31.0-7-gf635a9b802 (webtiles) character file.

Game seed: 9519434125871059010

0 hikkokomori the Apothecary (level 1, 0/10 HPs)
             Began as a Gargoyle Alchemist on Jan 24, 2024.
             Slain by an endoplasm (1 damage)
             ... on level 1 of the Dungeon.
             The game lasted 00:00:20 (84 turns).

hikkokomori the Apothecary (Gargoyle Alchemist)       Turns: 84, Time: 00:00:20

Health: 0/10       AC:  4    Str: 11    XL:     1   Next: 10%
Magic:  0/3        EV: 11    Int: 15    God:
Gold:   5          SH:  0    Dex: 10    Spells: 3/4 levels left

rFire   . . .        (no weapon)
rCold   . . .        (no shield)
rNeg    + . .        a - +0 robe
rPois   ∞            (no helmet)
rElec   +            (no cloak)
rCorr   .            (no gloves)
SInv    .            (no boots)
Will    .....        (no amulet)
Stlth   ++           (no ring)
HPRegen 0.21/turn    (no ring)
MPRegen 0.08/turn

%: no passive effects
@: very slightly contaminated
A: sickness immunity, AC +2, negative energy resistance 1, electricity
resistance, torment resistance 1, petrification resistance
a: no special abilities


You were on level 1 of the Dungeon.
You visited 1 branch of the dungeon, and saw 1 of its levels.

You collected 5 gold pieces.

Inventory:

Armour
 a - a +0 robe (worn)
Scrolls
 c - a scroll of fear {unknown}
Potions
 b - a potion of magic
 d - a potion of enlightenment {unknown}


   Skills:
 + Level 0.0 Fighting
 - Level 1.5 Dodging
 + Level 2.2 Stealth
 + Level 2.0 Spellcasting
 - Level 1.1 Conjurations
 * Level 2.4 Alchemy


You had 3 spell levels left.
You knew the following spells:

 Your Spells              Type           Power      Damage    Failure   Level
a - Sting                 Conj/Alch      24%        1d4       11%         1

Your spell library contained the following spells:

 Spells                   Type           Power      Damage    Failure   Level
 Mercury Vapours          Alch/Air       10%        N/A       21%         2
 Mephitic Cloud           Conj/Alch/Air  5%         N/A       38%         3
 Olgreb's Toxic Radiance  Alch           8%         N/A       63%         4
 Sticky Flame             Fire/Alch      5%         2d4       80%         4


Dungeon Overview and Level Annotations

Branches:
Dungeon (1/15)

Altars:


Innate Abilities, Weirdness & Mutations

You are immune to sickness and miasma.
Your stone body is resilient. (AC +2)
You are immune to poison.
You resist negative energy. (rN+)
You are resistant to electric shocks. (rElec)
You are resistant to unholy torment.
You are immune to petrification.


Message History

Found 5 gold pieces and a scroll labelled WEQ HA ZIZOL.
Found a staircase leading out of the dungeon.
Found a dagger.
You now have 5 gold pieces.
c - a scroll labelled WEQ HA ZIZOL
Found a scale mail.
d - a blue potion
Found a stone staircase leading down.
A rat comes into view.
A rat is nearby!
A rat is nearby!
A rat is nearby!
The rat squeaks loudly.
An endoplasm comes into view.
The sting hits the rat.
The rat is poisoned.
You kill the rat!
The endoplasm quivers.
The sting hits the endoplasm.
The endoplasm partially resists.
The endoplasm is poisoned.
The endoplasm is lightly wounded.
You miscast Sting.
You are very lightly contaminated with residual magic.
Nothing appears to happen.
You are out of magic!
The endoplasm freezes you.
You are frozen.
You hit the endoplasm but do no damage.
The endoplasm is moderately wounded.
The endoplasm looks more healthy.
The endoplasm barely misses you.
You hit the endoplasm.
The endoplasm is almost dead.
The endoplasm freezes you.
You are frozen.
Ouch! That really hurt!
* * * LOW HITPOINT WARNING * * *
You are too injured to fight recklessly!
You hit the endoplasm but do no damage.
The endoplasm is almost dead.
The endoplasm hits you.
You die...

##########....>.......
# ####.<####.####....
###......###.####.# #
##...###...#......#
#...## ###.#####..#
...## ##.#####..# ...#
#..#......# ..##
##.######.## ..##
##..#.....@#
...####..#######J#
....#...## #†#
......### #.# #######
#.# #.# #.# #.#


You could see an endoplasm.

Vanquished Creatures
  A rat (D:1)
1 creature vanquished.

Notes
Turn   | Place    | Note
-------+----------+-------------------------------------------
     0 | D:1      | hikkokomori the Gargoyle Alchemist began the quest for the
                  | Orb.
     0 | D:1      | Reached XP level 1. HP: 10/10 MP: 3/3
    84 | D:1      | Slain by an endoplasm

Illustrated notes

Levels and vault maps discovered:
D:1:      dpeg_arrival_round_b, layout_loops_ring, serial_shops, shop,
          chequers_serial_rivers_room_b

Action                     || total
---------------------------++-------
  Melee: Unarmed           ||     3
   Cast: Sting             ||     2
 Armour: Robe              ||     1
  Dodge: Dodged            ||     1
